 Dungeon Crawl Stone Soup version 0.31-a0-237-g2d982f9f85 (webtiles) character file.

Game seed: 13809535898437419276

72 qw the Shooter (level 4, -19/26 HPs)
             Began as a Gargoyle Hexslinger on July 11, 2023.
             Demolished by an ogre
             ... wielding a +0 giant spiked club
              (25 damage)
             ... on level 3 of the Dungeon.
             The game lasted 00:00:44 (1908 turns).

qw the Shooter (Gargoyle Hexslinger)                Turns: 1908, Time: 00:00:45

Health: -19/26     AC:  8    Str: 18    XL:     4   Next: 26%
Magic:  5/5        EV: 11    Int: 13    God:
Gold:   137        SH:  0    Dex: 14    Spells: 4/5 levels left

rFire   . . .        Y - +2 sling
rCold   . . .        (no shield)
rNeg    + . .        b - +0 ring mail
rPois   inf          (no helmet)
rElec   +            (no cloak)
rCorr   .            (no gloves)
SInv    .            (no boots)
Will    +....        (no amulet)
Stlth   +            g - ring of willpower
HPRegen 0.24/turn    j - +6 ring of strength
MPRegen 0.09/turn

%: no passive effects
@: no status effects
A: sickness immunity, AC +3, negative energy resistance 1, electricity
resistance, torment resistance 1, petrification resistance
a: no special abilities


You were on level 3 of the Dungeon.
You visited 1 branch of the dungeon, and saw 3 of its levels.

You collected 137 gold pieces.


Innate Abilities, Weirdness & Mutations

You are immune to sickness and miasma.
Your stone body is resilient. (AC +3)
You are immune to poison.
You resist negative energy. (rN+)
You are resistant to electric shocks. (rElec)
You are resistant to unholy torment.
You are immune to petrification.


   Skills:
 - Level 2.0 Fighting
 - Level 4.0 Ranged Weapons
 + Level 0.7 Armour
 - Level 1.5 Dodging
 - Level 1.0 Spellcasting
 - Level 2.6 Hexes


You had 4 spell levels left.
You knew the following spells:

 Your Spells              Type           Power      Damage    Failure   Level
a - Slow                  Hex            28%        N/A       17%         1

Your spell library contained the following spells:

 Spells                   Type           Power      Damage    Failure   Level
 Inner Flame              Hex/Fire       4%         N/A       65%         3
 Portal Projectile        Hex/Tloc       8%         N/A       65%         3
 Cause Fear               Hex            3%         N/A       86%         4

Inventory:

Hand Weapons
 Y - a +2 sling (weapon)
Armour
 b - a +0 ring mail (worn)
 c - a +0 helmet
Jewellery
 g - a ring of willpower (left hand)
 j - a +6 ring of strength (right hand)
Scrolls
 a - 2 scrolls of identify
 d - a scroll of butterflies {unknown}
 i - a scroll of torment {unknown}
Potions
 e - a potion of magic {unknown}
 f - a potion of might
 h - a potion of curing {unknown}

Dungeon Overview and Level Annotations

Branches:
Dungeon (3/15)

Altars:


Message History

You shoot a sling bullet. The sling bullet barely misses the rat.
The sling bullet hits the kobold!
You kill the kobold!
You shoot a sling bullet. The sling bullet hits the rat.
You kill the rat!
You see here a rat corpse.
Things that are here:
a +0 short sword; 8 poisoned darts; a kobold corpse
Enter note:
Enter note: A ball python comes into view.
Enter note:
Enter note: You shoot a sling bullet.
The sling bullet hits the ball python.
You kill the ball python!
An ogre comes into view. It is wielding a +0 giant spiked club.
Enter note:
Enter note: You shoot a sling bullet.
The ogre shouts!
The sling bullet hits the ogre.
The ogre is lightly wounded.
You shoot a sling bullet. The sling bullet hits the ogre.
The ogre is moderately wounded.
You shoot a sling bullet. The sling bullet hits the ogre!
The ogre is heavily wounded.
You shoot a sling bullet. The sling bullet hits the ogre!
The ogre is severely wounded.
The ogre hits you with a +0 giant spiked club!!
Ouch! That really hurt!
You shoot a sling bullet.
The sling bullet barely misses the ogre.
You shoot a sling bullet. The sling bullet hits the ogre.
The ogre is almost dead.
The ogre hits you with a +0 giant spiked club.
You shoot a sling bullet.
The sling bullet barely misses the ogre.
The ogre hits you with a +0 giant spiked club!!
Ouch! That really hurt!
You die...

##### #....# # ...#
#....# #
###########.####.[..####
..........)..%...%......
###.###.###.####....####
#.# #.# ######### # #
#.# #.# #...[
....#.#.###.### ####....
......O@....... ........
##.#..#.###.### ####....
##.#.# #.# ##### . #.#
#. #.# # #.# #.# ..#


You could see an ogre.

Vanquished Creatures
  2 adders (D:2)
  5 ball pythons
  9 endoplasms
  2 giant cockroaches
  8 goblins
  4 hobgoblins
  A jackal (D:2)
  5 kobolds
  A quokka (D:2)
  4 bats
  4 frilled lizards
  6 rats
51 creatures vanquished.

Notes
Turn   | Place    | Note
-------+----------+-------------------------------------------
     0 | D:1      | qw the Gargoyle Hexslinger began the quest for the Orb.
     0 | D:1      | Reached XP level 1. HP: 12/12 MP: 2/2
     0 | D:1      | 0 ||| qw: Version: 0.3-a-52-g30416fa
     0 | D:1      | 0 ||| qw: Game counter: 5462
     0 | D:1      | 0 ||| qw: Melee chars always use a shield: true
     0 | D:1      | 0 ||| qw: God list: Okawaru
     0 | D:1      | 0 ||| qw: Allow faded altars: false
     0 | D:1      | 0 ||| qw: Do Orc after clearing Dungeon:15 true
     0 | D:1      | 0 ||| qw: Do second Lair branch before Depths: true
     0 | D:1      | 0 ||| qw: Lair rune preference: random
     0 | D:1      | 0 ||| qw: Goals: Normal
     0 | D:1      | 0 ||| PLANNING D:1-11
    90 | D:1      | Reached XP level 2. HP: 16/16 MP: 3/3
   152 | D:1      | Reached skill level 3 in Ranged Weapons
   286 | D:1      | Found a faded altar of an unknown god.
   547 | D:1      | Reached XP level 3. HP: 21/21 MP: 4/4
   793 | D:1      | 793 ||| UPGRADING to +0 leather armour.
   803 | D:1      | 803 ||| DROPPING +0 robe.
   804 | D:1      | 804 ||| UPGRADING to ring of willpower.
   805 | D:1      | 805 ||| READING 2 scrolls labelled DAVYSHR HUCIOG.
   806 | D:1      | 806 ||| READING 3 scrolls labelled CANTOUHOID.
   807 | D:1      | 807 ||| READING scroll labelled GAHAISI TITI.
   808 | D:1      | 808 ||| READING scroll labelled ZIYGGU NEDIOT.
   809 | D:1      | 809 ||| DROPPING scroll of poison.
   810 | D:1      | 810 ||| DROPPING 2 scrolls of noise.
  1026 | D:2      | Identified the +9 scale mail "Ydampyk" {-Tele Regen+ SInv}
  1036 | D:2      | Reached XP level 4. HP: 26/26 MP: 5/5
  1556 | D:2      | 1556 ||| UPGRADING to +0 ring mail.
  1566 | D:2      | 1566 ||| DROPPING +0 leather armour.
  1567 | D:2      | 1567 ||| UPGRADING to +6 ring of strength.
  1568 | D:2      | 1568 ||| READING scroll labelled LARYV MOPEA.
  1569 | D:2      | 1569 ||| READING scroll labelled MIUP CYGIDD.
  1573 | D:2      | 1573 ||| DRINKING 2 murky red potions.
  1678 | D:2      | 1678 ||| DRINKING 2 viscous orange potions.
  1679 | D:2      | 1679 ||| DROPPING potion of berserk rage.
  1775 | D:3      | Reached skill level 4 in Ranged Weapons
  1901 | D:3      | Noticed an ogre
  1907 | D:3      | HP: 6/26 [ogre/+0 giant spiked club (3)]
  1908 | D:3      | Demolished by an ogre

Levels and vault maps discovered:
D:1:      dpeg_arrival_prison, layout_loops_ring, ebering_ecumenical_altar_box,
          serial_forest, infiniplex_forest_corner_1,
          infiniplex_forest_clump_diagonal, infiniplex_forest_clump_curved,
          infiniplex_forest_clump_curved, infiniplex_forest_clump_small,
          infiniplex_forest_clump_long, infiniplex_forest_clump_double,
          infiniplex_forest_clump_tiny, infiniplex_forest_clump_medium,
          infiniplex_forest_lined_corner, grunt_decor_resistance,
          minmay_hexomino_f4
D:2:      minmay_spotlight, layout_basic
D:3:      cheibrodos_old_hovel, layout_basic

Skill      XL: |  1  2  3  4 |
---------------+-------------+-----
Ranged Weapons | 3 4 |  4.0
Fighting       | 2 |  2.0
Armour         | |  0.7
Dodging        | |  1.5
Spellcasting   | |  1.0
Hexes          | |  2.6

Action                     |  1- 3 |  4- 6 || total
---------------------------+-------+-------++-------
   Fire: Sling             |    94 |    41 ||   135
    Use: Scroll            |     4 |     2 ||     6
         Potion            |       |     2 ||     2
 Armour: Robe              |     4 |       ||     4
         Leather armour    |    10 |     3 ||    13
         Ring mail         |       |     3 ||     3
  Dodge: Dodged            |    16 |     8 ||    24

Table legend:
 A = Non-vault XP
 B = Vault XP
 C = Vault XP percentage of total XP
 D = Non-vault monster count
 E = Vault monster count
 F = Vault count percentage of total count
                 A         B        C        D         E       F
            +---------+---------+-------+---------+---------+-------
      Total |      86 |      18 |  17.3 |      40 |      11 |  21.6
            +---------+---------+-------+---------+---------+-------
        D:1 |      24 |      10 |  29.4 |      16 |       6 |  27.3
        D:2 |      48 |       7 |  12.7 |      15 |       4 |  21.1
        D:3 |      14 |       1 |   6.7 |       9 |       1 |  10.0
            +---------+---------+-------+---------+---------+-------
